 Dungeon Crawl Stone Soup version 0.29.1 (webtiles) character file.

Game seed: 855368540370491294

4802 mtoz the Blocker (level 10, -2/93 HPs)
             Began as a Minotaur Fighter on Sept 13, 2022.
             Was an Elder of Okawaru.
             Slain by a wyvern (10 damage)
             ... on level 8 of the Dungeon.
             The game lasted 00:19:26 (9286 turns).

mtoz the Blocker (Minotaur Fighter)                 Turns: 9286, Time: 00:19:26

Health: -2/93      AC: 15    Str: 24    XL:     10   Next: 24%
Magic:  9/9        EV:  8    Int:  5    God:    Okawaru [****..]
Gold:   403        SH:  6    Dex: 11    Spells: 9/9 levels left

rFire   . . .      SeeInvis .   a - +0 war axe
rCold   + . .      Faith    .   c - +0 buckler
rNeg    . . .      Spirit   .   A - +0 chain mail
rPois   +          Reflect  .   (helmet restricted)
rElec   .          Harm     .   v - +0 cloak
rCorr   .          Rampage  .   f - +0 pair of gloves
Will    .....                   G - +0 pair of boots
Stlth   ..........              (no amulet)
HPRegen 0.25/turn               D - ring of poison resistance
MPRegen 0.11/turn               y - ring of protection from cold

@: weakened
A: horns 2, retaliatory headbutt
a: Renounce Religion, Heroism, Finesse


You were on level 8 of the Dungeon.
You worshipped Okawaru.
Okawaru was greatly pleased with you.
You visited 2 branches of the dungeon, and saw 9 of its levels.

You collected 403 gold pieces.

Inventory:

Hand Weapons
 a - a +0 war axe (weapon)
 b - a +0 hand axe
 g - a +0 mace
 p - a +0 trident
 s - a +0 spear
 I - a +0 flail
 K - a +3 mace
 O - a +0 great mace
 Q - a +0 halberd
Missiles
 N - 2 throwing nets (quivered)
Armour
 c - a +0 buckler (worn)
 f - a +0 pair of gloves (worn)
 v - a +0 cloak (worn)
 A - a +0 chain mail (worn)
 G - a +0 pair of boots (worn)
 L - a +0 kite shield
Jewellery
 y - a ring of protection from cold (right hand)
 D - a ring of poison resistance (left hand)
Wands
 w - a wand of flame (13)
 C - a wand of quicksilver (12)
 P - a wand of roots (2)
Scrolls
 e - 5 scrolls of identify {unknown}
 j - 2 scrolls of enchant weapon {unknown}
 k - 3 scrolls of magic mapping
 m - 4 scrolls of teleportation {unknown}
 n - 2 scrolls of fear {unknown}
 r - a scroll of vulnerability {unknown}
 x - 3 scrolls of enchant armour {unknown}
 z - 3 scrolls of butterflies {unknown}
 E - a scroll of blinking {unknown}
 H - 2 scrolls of amnesia {unknown}
Potions
 d - 2 potions of might
 h - 3 potions of heal wounds {unknown}
 i - 2 potions of attraction {unknown}
 l - a potion of lignification {unknown}
 o - 5 potions of curing {unknown}
 q - a potion of haste {unknown}
 t - 4 potions of brilliance
 u - a potion of berserk rage {unknown}
 B - 2 potions of resistance {unknown}
 F - a potion of mutation {unknown}
 J - a potion of degeneration {unknown}
 M - a potion of magic {unknown}


   Skills:
 + Level 9.8 Fighting
 + Level 9.4 Axes
 + Level 9.8 Armour
 + Level 9.8 Shields


You had 9 spell levels left.
You didn't know any spells.
Your spell library contained the following spells:

 Spells                   Type           Power      Damage    Failure   Level
 Magic Dart               Conj           0%         1d3       98%         1
 Scorch                   Fire           0%         2d5       99%         2
 Searing Ray              Conj           0%         2d4       99%         2
 Conjure Flame            Conj/Fire      0%         6-21      100%        3
 Gell's Gravitas          Tloc           0%         N/A       100%        3
 Ignite Poison            Fire/Tmut/Pois 0%         N/A       100%        3
 Inner Flame              Hex/Fire       0%         N/A       100%        3
 Lesser Beckoning         Tloc           0%         N/A       100%        3
 Mephitic Cloud           Conj/Pois/Air  0%         N/A       100%        3
 Teleport Other           Tloc           0%         N/A       100%        3
 Cause Fear               Hex            0%         N/A       100%        4
 Flame Wave               Conj/Fire      0%         2d4       100%        4
 Fulminant Prism          Conj/Hex       0%         3d6       100%        4
 Sticky Flame             Conj/Fire      0%         2d3       100%        4
 Discord                  Hex            0%         N/A       100%        8
 Summon Small Mammal      Summ           Unusable   N/A       N/A         1
 Call Imp                 Summ           Unusable   N/A       N/A         2
 Call Canine Familiar     Summ           Unusable   N/A       N/A         3
 Summon Guardian Golem    Hex/Summ       Unusable   N/A       N/A         3
 Summon Cactus Giant      Summ           Unusable   N/A       N/A         6

Dungeon Overview and Level Annotations

Branches:
Dungeon (8/15)             Temple (1/1) D:4
   Lair: D:8-11

Altars:
Ashenzari
Dithmenos
Elyvilon
Fedhas
Gozag
Hepliaklqana
Makhleb
Okawaru
Qazlal
Ru
Sif Muna
Trog
Uskayaw
Vehumet
Wu Jian
Xom
Yredelemnul
Zin
The Shining One

Shops:
D:5 [


Innate Abilities, Weirdness & Mutations

You have a pair of horns on your head.
You reflexively headbutt those who attack you in melee.


Message History

The wyvern is moderately wounded.
You feel sick. You block the wyvern's attack.
The wyvern bites you but does no damage.
You completely miss the wyvern.
The wyvern is moderately wounded.
You feel sick. The wyvern closely misses you. You block the wyvern's attack.
You hit the wyvern.
The wyvern is heavily wounded.
You feel sick.
The wyvern bites you but does no damage.
You hit the wyvern. Your headbutt misses the wyvern.
The wyvern is severely wounded.
You feel sick. The wyvern bites you! The wyvern completely misses you.
You closely miss the wyvern.
The wyvern is severely wounded.
You feel sick.
You are no longer poisoned.
The eight-headed hydra roars!
You hear two shouts!
The wyvern bites you!
* * * LOW HITPOINT WARNING * * *
You block the wyvern's attack. You block the wyvern's attack.
You block the wyvern's attack.
There is an open door here.
The wyvern attacks as you move away! The wyvern bites you.
* * * LOW HITPOINT WARNING * * *
The gnoll bouda shouts!
The wyvern bites you but does no damage.
The wyvern bites you!
* * * LOW HITPOINT WARNING * * *
The wyvern attacks as you move away! You block the wyvern's attack.
The wyvern bites you but does no damage.
The water moccasin attacks as you move away!
The water moccasin bites you but does no damage.
The gnoll bouda gazes fiercely through you!
You feel your attacks grow feeble. The wyvern attacks as you move away!
You block the wyvern's attack.
The water moccasin attacks as you move away!
You block the water moccasin's attack. The wyvern bites you!
You die...

#........## #....
#..##.#.#.######### #.###
####..#.)#...........# #.#
#.....##.###.#######.# #.#
#.##.##..<#.## #.# #.# #
#.#..[#.## #.# #.# #......##
#.# #.# ###.<.....####
###.## #.###
#......##..@S####....####...
#......#...lly##......##....
#.##......#.......#.......#.
#####....####....####....###
#.......####....####....###
+........(.#....g..#.......#
##.###.#......##.D....##....
#. #.##....####....####... #
#.##'#### ###'## ####


You could see an eight-headed hydra, a water moccasin, 2 wyverns, a gnoll bouda
and a killer bee.

Vanquished Creatures
  A gargoyle (D:8)
  5 yaks
  A wyvern (D:8)
  A steam dragon (D:7)
  3 ice beasts
  A sky beast (D:6)
  2 orc warriors
  2 black bears
  2 ogres
  3 centaurs
  3 phantoms
  2 kobold brigands
  3 bullfrogs
  4 scorpions
  4 necrophages
  3 wights (D:6)
  2 killer bees (D:8)
  6 howler monkeys
  4 orc priests (D:6)
  4 gnoll boudas
  3 hounds
  3 jellies
  2 orc wizards
  3 iguanas
  13 gnolls
  4 adders
  A shadow imp (D:5)
  2 white imps
  An ufetubus (D:6)
  A worm (D:3)
  A dart slug (D:1)
  20 orcs
  8 bats
  6 endoplasms
  3 giant cockroaches
  9 goblins
  11 hobgoblins
  5 jackals
  17 kobolds
  4 quokkas
  5 ball pythons
  2 frilled lizards
  3 rats
183 creatures vanquished.

Notes
Turn   | Place    | Note
-------+----------+-------------------------------------------
     0 | D:1      | mtoz the Minotaur Fighter began the quest for the Orb.
     0 | D:1      | Reached XP level 1. HP: 19/19 MP: 0/0
   123 | D:1      | Reached XP level 2. HP: 27/27 MP: 1/1
   465 | D:1      | Reached XP level 3. HP: 33/33 MP: 2/2
   529 | D:1      | Found a faded altar of an unknown god.
   682 | D:2      | Found a basalt altar of Yredelemnul.
  1853 | D:3      | Reached XP level 4. HP: 40/40 MP: 3/3
  2248 | D:4      | Found a staircase to the Ecumenical Temple.
  2261 | Temple   | Entered the Ecumenical Temple
  2597 | Temple   | Became a worshipper of Warmaster Okawaru
  2621 | D:4      | Noticed a scorpion
  2627 | D:4      | Killed a scorpion
  2628 | D:4      | Reached XP level 5. HP: 31/47 MP: 4/4
  2834 | D:4      | Noticed a phantom
  2842 | D:4      | Killed a phantom
  2843 | D:4      | Reached skill level 5 in Fighting
  2843 | D:4      | Reached skill level 5 in Armour
  2843 | D:4      | Reached skill level 5 in Shields
  3038 | D:4      | Reached XP level 6. HP: 37/56 MP: 5/5
  3754 | D:5      | Entered Level 5 of the Dungeon
  3755 | D:5      | Noticed an ice beast
  4044 | D:5      | Reached * piety under Okawaru
  4045 | D:5      | Reached skill level 5 in Axes
  4045 | D:5      | Reached XP level 7. HP: 44/62 MP: 6/6
  4889 | D:5      | Found Ymaphujo's Armour Emporium.
  4904 | D:5      | Reached ** piety under Okawaru
  4917 | D:5      | Reached XP level 8. HP: 71/71 MP: 7/7
  6532 | D:6      | Reached *** piety under Okawaru
  6533 | D:6      | Reached XP level 9. HP: 59/80 MP: 8/8
  7267 | D:7      | Found a stormy altar of Qazlal.
  7311 | D:7      | Found a shimmering blue altar of Sif Muna.
  7567 | D:7      | Found an ornate altar of the Wu Jian Council.
  8162 | D:8      | Reached **** piety under Okawaru
  8537 | D:8      | Reached XP level 10. HP: 89/91 MP: 9/9
  8728 | D:8      | Noticed a two-headed ogre
  8741 | D:8      | Noticed an eight-headed hydra
  8786 | D:8      | Noticed a gargoyle
  8971 | D:8      | Killed a gargoyle
  9286 | D:8      | Slain by a wyvern

Illustrated notes

Levels and vault maps discovered:
D:1:      lemuel_arrival_cross, layout_rooms,
          shapermc_ecumenical_altar_mp_vishouse
D:2:      layout_basic, basic_altar
D:3:      minmay_bubble_buster, layout_basic
D:4:      layout_basic, minmay_temple_entry_trees
D:5:      layout_gridville, serial_shops, shop, serial_rivers,
          chequers_serial_rivers_room_a, chequers_serial_rivers_micro_e,
          chequers_serial_rivers_micro_b, chequers_serial_rivers_small_b,
          chequers_serial_rivers_small_3
D:6:      layout_cave_pods
D:7:      layout_basic, mainiacjoe_overflow_brackets, grunt_qazlal_clouds,
          mainiacjoe_overflow_paths
D:8:      wad_guarded_room, layout_loops_ring, minmay_hedge_maze,
          kennysheep_path_1
Temple:   compressed_dpeg_triangle_lava_temple

Skill      XL: |  1  2  3  4  5  6  7  8  9 |
---------------+----------------------------+-----
Armour         | 4 5 6 7 9 |  9.8
Fighting       | 4 5 6 7 9 |  9.8
Shields        | 4 5 6 8 9 |  9.8
Axes           | 3 4 5 7 9 |  9.4

Action                   |  1- 3 |  4- 6 |  7- 9 | 10-12 || total
-------------------------+-------+-------+-------+-------++-------
Melee: War axe           |   106 |    78 |   276 |    49 ||   509
       Headbutt          |    12 |    15 |    53 |    16 ||    96
Invok: Heroism           |       |       |       |     1 ||     1
  Use: Scroll            |       |     1 |       |       ||     1
Armor: Scale mail        |    61 |    13 |       |       ||    74
       Chain mail        |       |    34 |   194 |    30 ||   258
Dodge: Dodged            |    55 |    38 |   110 |    13 ||   216
Block: Buckler           |    33 |    16 |    80 |    28 ||   157
